TOP OF THE 1ST |
MSL Detroit Elite batting - Pitching for MSL Santa Catalina Condor : RHP Ramón Gonzago
|
Pitching: RHP Ramón Gonzago
|
|
Batting: RHB Kel Calhoun
|
0-0: SINGLE (Groundball, 34D, EV 98.1 MPH)
|
Batting: RHB Young-keun So
|
0-0: Ball 1-0: Ball 2-0: Ball 3-0: Called Strike 3-1: Foul Ball, location: 2F 3-2: Foul Ball, location: 2F 3-2: Strikes out swinging
|
Batting: LHB Nicol Stolk
|
0-0: Called Strike Kel Calhoun steals 2nd base 0-1: Foul Ball, location: 2F 0-2: Ball 1-2: Ball 2-2: SINGLE (Flyball, 78S, EV 91.9 MPH) Kel Calhoun to third Runner from 3rd tries for Home, SAFE, throw by LF to home
|
Batting: RHB Steve Owens
|
0-0: Ball 1-0: 2-RUN HOME RUN (Flyball, 78XD, EV 103.1 MPH), Distance : 389 ft
|
Batting: RHB Lowie Verbiest
|
0-0: Fly out, F7 (Line Drive, 78M, EV 107.5 MPH)
|
Batting: LHB Camiel van Arem
|
0-0: Ball 1-0: Called Strike 1-1: Ground out 4-3 (Groundball, 4, EV 88.1 MPH)
|
Top of the 1st over - 3 runs, 3 hits, 0 errors, 0 left on base; MSL Detroit 3 - MSL Santa Catalina 0 |
BOTTOM OF THE 1ST |
MSL Santa Catalina Condor batting - Pitching for MSL Detroit Elite : LHP John Postgate
|
Pitching: LHP John Postgate
|
|
Batting: RHB Tom Gardner
|
0-0: SINGLE (Groundball, 56D, EV 95.6 MPH)
|
Batting: RHB Martin Drake
|
0-0: Swinging Strike 0-1: Called Strike 0-2: Foul Ball, location: 2F 0-2: Fly out, F8 (Line Drive, 78D, EV 90.0 MPH)
|
Batting: RHB Gerald van den Broek
|
0-0: Ball 1-0: Called Strike 1-1: SINGLE (Flyball, 56D, EV 90.6 MPH) Tom Gardner to second
|
Batting: RHB Glen Lowe
|
0-0: Ball 1-0: Called Strike 1-1: Foul Ball, location: 2F 1-2: Fielders Choice at 2nd, 5-4 (Groundball, 56S, EV 86.9 MPH) Tom Gardner to third
|
Batting: LHB Tia Sun
|
0-0: Called Strike 0-1: Foul Ball, location: 2F 0-2: SINGLE (Line Drive, 8LS, EV 106.2 MPH) Tom Gardner scores Glen Lowe to second Runner from 2nd tries for 3rd, SAFE, throw by CF made to third
|
Batting: LHB Po-fu Tsui
|
0-0: Called Strike 0-1: Ball 1-1: Ball 2-1: Ball 3-1: Called Strike 3-2: Strikes out swinging
|
Bottom of the 1st over - 1 run, 3 hits, 0 errors, 2 left on base; MSL Detroit 3 - MSL Santa Catalina 1 |
TOP OF THE 2ND |
MSL Detroit Elite batting - Pitching for MSL Santa Catalina Condor : RHP Ramón Gonzago
|
Batting: RHB Qi-chang Chia
|
0-0: Ball 1-0: Swinging Strike 1-1: Foul Ball, location: 2F 1-2: Strikes out swinging
|
Batting: RHB Leos Vostakov
|
0-0: DOUBLE (Line Drive, 9LM, EV 104.4 MPH)
|
Batting: RHB Henry Jans
|
0-0: Ball 1-0: Foul Ball, location: 2F 1-1: Ground out 6-3 (Groundball, 6S, EV 83.8 MPH)
|
Batting: RHB Kel Calhoun
|
0-0: Reached on error, E4 (Groundball, 4, EV 88.1 MPH) Leos Vostakov to third
|
Batting: RHB Young-keun So
|
0-0: SINGLE (Line Drive, 78S, EV 105.0 MPH) Leos Vostakov scores Kel Calhoun to second Runner from 2nd tries for 3rd, SAFE, no throw by LF
|
Batting: LHB Nicol Stolk
|
0-0: Swinging Strike 0-1: Foul Ball, location: 2F 0-2: Ball 1-2: Ball 2-2: Foul Ball, location: 2F 2-2: Strikes out swinging
|
Top of the 2nd over - 1 run, 2 hits, 1 error, 2 left on base; MSL Detroit 4 - MSL Santa Catalina 1 |
BOTTOM OF THE 2ND |
MSL Santa Catalina Condor batting - Pitching for MSL Detroit Elite : LHP John Postgate
|
Batting: RHB Marcos López
|
0-0: Ball 1-0: Called Strike 1-1: Foul Ball, location: 2F 1-2: Foul Ball, location: 2F 1-2: Strikes out swinging
|
Batting: RHB José Luna
|
0-0: Swinging Strike 0-1: Ball 1-1: Ball 2-1: Foul Ball, location: 2F 2-2: Ball 3-2: Base on Balls
|
Batting: RHB Maks Ozerin
|
0-0: Called Strike 0-1: Ball José Luna steals 2nd base 1-1: Swinging Strike 1-2: Foul Ball, location: 2F 1-2: Strikes out swinging
|
Batting: RHB Tom Gardner
|
0-0: Ball 1-0: Swinging Strike 1-1: Ball 2-1: Foul Ball, location: 2F 2-2: Foul Ball, location: 2F 2-2: SINGLE (Line Drive, 6MD, EV 105.0 MPH) José Luna to third
|
Batting: RHB Martin Drake
|
0-0: Called Strike 0-1: Ball 1-1: Called Strike 1-2: Foul Ball, location: 2F 1-2: Strikes out swinging
|
Bottom of the 2nd over - 0 runs, 1 hit, 0 errors, 2 left on base; MSL Detroit 4 - MSL Santa Catalina 1 |
TOP OF THE 3RD |
MSL Detroit Elite batting - Pitching for MSL Santa Catalina Condor : RHP Ramón Gonzago
|
Batting: RHB Steve Owens
|
0-0: SINGLE (Groundball, 4D, EV 108.8 MPH)
|
Batting: RHB Lowie Verbiest
|
0-0: Ball 1-0: Called Strike Steve Owens steals 2nd base 1-1: Swinging Strike 1-2: Strikes out swinging
|
Batting: LHB Camiel van Arem
|
0-0: Called Strike 0-1: Ball 1-1: SINGLE (Line Drive, 7S, EV 97.5 MPH) Steve Owens to third
|
Batting: RHB Qi-chang Chia
|
0-0: Foul Ball, location: 2F 0-1: Called Strike Camiel van Arem is caught stealing 2nd base 2-4 0-2: Fly out, F7 (Flyball, 7D, EV 90.0 MPH)
|
Top of the 3rd over - 0 runs, 2 hits, 0 errors, 1 left on base; MSL Detroit 4 - MSL Santa Catalina 1 |
BOTTOM OF THE 3RD |
MSL Santa Catalina Condor batting - Pitching for MSL Detroit Elite : LHP John Postgate
|
Batting: RHB Gerald van den Broek
|
0-0: Called Strike 0-1: Foul Ball, location: 2F 0-2: Strikes out swinging
|
Batting: RHB Glen Lowe
|
0-0: Swinging Strike 0-1: Swinging Strike 0-2: Fly out, F7 (Flyball, 7LD, EV 101.2 MPH)
|
Batting: LHB Tia Sun
|
0-0: Ball 1-0: Ball 2-0: Swinging Strike 2-1: Foul Ball, location: 2F 2-2: Ball 3-2: Strikes out looking
|
Bottom of the 3rd over - 0 runs, 0 hits, 0 errors, 0 left on base; MSL Detroit 4 - MSL Santa Catalina 1 |
TOP OF THE 4TH |
MSL Detroit Elite batting - Pitching for MSL Santa Catalina Condor : RHP Ramón Gonzago
|
Batting: RHB Leos Vostakov
|
0-0: Swinging Strike 0-1: Ball 1-1: Ball 2-1: Fly out, F8 (Flyball, 8RS, EV 86.2 MPH)
|
Batting: RHB Henry Jans
|
0-0: Called Strike 0-1: Ball 1-1: Ball 2-1: Foul Ball, location: 2F 2-2: Ball 3-2: Base on Balls
|
Batting: RHB Kel Calhoun
|
0-0: Ball Henry Jans is caught stealing 2nd base 2-4 1-0: Foul Ball, location: 2F 1-1: Fly out, F6 (Popup, 6MS, EV 72.5 MPH)
|
Top of the 4th over - 0 runs, 0 hits, 0 errors, 0 left on base; MSL Detroit 4 - MSL Santa Catalina 1 |
BOTTOM OF THE 4TH |
MSL Santa Catalina Condor batting - Pitching for MSL Detroit Elite : LHP John Postgate
|
Batting: LHB Po-fu Tsui
|
0-0: Foul Ball, location: 2F 0-1: Ball 1-1: Ball 2-1: Foul Ball, location: 2F 2-2: SOLO HOME RUN (Flyball, 7D, EV 95.6 MPH), Distance : 356 ft
|
Batting: RHB Marcos López
|
0-0: Ball 1-0: Ball 2-0: Called Strike 2-1: Ground out 6-3 (Groundball, 6, EV 98.1 MPH)
|
Batting: RHB José Luna
|
0-0: Ball 1-0: Swinging Strike 1-1: Ball 2-1: Ball 3-1: Base on Balls
|
Batting: RHB Maks Ozerin
|
0-0: Fly out, F8 (Flyball, 8LS, EV 89.4 MPH)
|
Batting: RHB Tom Gardner
|
0-0: Reached via error on a dropped throw from 3B, E3 (Groundball, 56S, EV 79.4 MPH) José Luna to second
|
Batting: RHB Martin Drake
|
0-0: Ball 1-0: Called Strike 1-1: Ball 2-1: Foul Ball, location: 2F 2-2: Fly out, F8 (Flyball, 89S, EV 86.2 MPH)
|
Bottom of the 4th over - 1 run, 1 hit, 1 error, 2 left on base; MSL Detroit 4 - MSL Santa Catalina 2 |
TOP OF THE 5TH |
MSL Detroit Elite batting - Pitching for MSL Santa Catalina Condor : RHP Ramón Gonzago
|
Batting: RHB Young-keun So
|
0-0: Called Strike 0-1: Called Strike 0-2: Ball 1-2: Foul Ball, location: 2F 1-2: Ball 2-2: Strikes out swinging
|
Batting: LHB Nicol Stolk
|
0-0: Called Strike 0-1: Foul Ball, location: 2F 0-2: Foul Ball, location: 2F 0-2: Ball 1-2: Ball 2-2: Foul Ball, location: 2F 2-2: Foul Ball, location: 2F 2-2: Ball 3-2: Base on Balls
|
Batting: RHB Steve Owens
|
0-0: Ball 1-0: Ball 2-0: Foul Ball, location: 2F 2-1: Ball 3-1: Foul Ball, location: 2F 3-2: Foul Ball, location: 2F 3-2: Base on Balls Nicol Stolk to second
|
Batting: RHB Lowie Verbiest
|
0-0: Foul Ball, location: 2F 0-1: SINGLE (Groundball, 6MD, EV 95.0 MPH) Nicol Stolk to third Steve Owens to second Runner from 3rd tries for Home, SAFE, throw by CF to home
|
Pitching: RHP Carlos Burgos
|
|
Batting: LHB Camiel van Arem
|
0-0: Ball Wild Pitch! Steve Owens to third Lowie Verbiest to second 1-0: Swinging Strike 1-1: Called Strike 1-2: Ball 2-2: Strikes out swinging
|
Batting: RHB Qi-chang Chia
|
0-0: Fly out, F9 (Line Drive, 9, EV 108.8 MPH)
|
Top of the 5th over - 1 run, 1 hit, 0 errors, 2 left on base; MSL Detroit 5 - MSL Santa Catalina 2 |
BOTTOM OF THE 5TH |
MSL Santa Catalina Condor batting - Pitching for MSL Detroit Elite : LHP John Postgate
|
Batting: RHB Gerald van den Broek
|
0-0: Called Strike 0-1: Ball 1-1: Swinging Strike 1-2: Foul Ball, location: 2F 1-2: Ball 2-2: Strikes out swinging
|
Batting: RHB Glen Lowe
|
0-0: Swinging Strike 0-1: Fly out, F7 (Flyball, 78M, EV 85.0 MPH)
|
Batting: LHB Tia Sun
|
0-0: Called Strike 0-1: Ball 1-1: SOLO HOME RUN (Flyball, 89XD, EV 103.1 MPH), Distance : 410 ft
|
Batting: LHB Po-fu Tsui
|
0-0: Foul Ball, location: 2F 0-1: Ball 1-1: Ball 2-1: Fly out, F4 (Popup, 4M, EV 61.9 MPH)
|
Bottom of the 5th over - 1 run, 1 hit, 0 errors, 0 left on base; MSL Detroit 5 - MSL Santa Catalina 3 |
TOP OF THE 6TH |
MSL Detroit Elite batting - Pitching for MSL Santa Catalina Condor : RHP Carlos Burgos
|
Batting: RHB Leos Vostakov
|
0-0: Ball 1-0: Ground out 6-3 (Groundball, 6, EV 88.1 MPH)
|
Batting: RHB Henry Jans
|
0-0: Called Strike 0-1: Ball 1-1: SOLO HOME RUN (Flyball, 7D, EV 95.6 MPH), Distance : 349 ft
|
Batting: RHB Kel Calhoun
|
0-0: Called Strike 0-1: Swinging Strike 0-2: Ball 1-2: Strikes out looking
|
Batting: RHB Young-keun So
|
0-0: Ball 1-0: Ball 2-0: Called Strike 2-1: Ground out 4-3 (Groundball, 4, EV 109.4 MPH)
|
Top of the 6th over - 1 run, 1 hit, 0 errors, 0 left on base; MSL Detroit 6 - MSL Santa Catalina 3 |
BOTTOM OF THE 6TH |
MSL Santa Catalina Condor batting - Pitching for MSL Detroit Elite : LHP John Postgate
|
Batting: RHB Marcos López
|
0-0: Swinging Strike 0-1: Called Strike 0-2: Foul Ball, location: 2F 0-2: Ball 1-2: Ball 2-2: Ball 3-2: SINGLE (Groundball, 6M, EV 106.9 MPH) (infield hit)
|
Batting: RHB José Luna
|
0-0: SINGLE (Groundball, 23, EV 63.1 MPH) (infield hit) Marcos López to second
|
Batting: RHB Maks Ozerin
|
0-0: Sac Bunt to 15S - play at first, batter OUT! 1-3 Marcos López to third José Luna to second
|
Batting: RHB Tom Gardner
|
0-0: Ball 1-0: Swinging Strike 1-1: Ball 2-1: Ball 3-1: Foul Ball, location: 2F 3-2: Foul Ball, location: 2F 3-2: Base on Balls
|
Batting: RHB Martin Drake
|
0-0: Ball 1-0: Foul Ball, location: 2F 1-1: Fly out, F8 (Flyball, 78M, EV 83.1 MPH) Runner from 3rd tags up, SCORES, throw by CF
|
Pitching: RHP Jorge Núñez
|
|
Batting: RHB Gerald van den Broek
|
0-0: Fielders Choice at 2nd, 5-4 (Groundball, 56, EV 102.5 MPH)
|
Bottom of the 6th over - 1 run, 2 hits, 0 errors, 2 left on base; MSL Detroit 6 - MSL Santa Catalina 4 |
TOP OF THE 7TH |
MSL Detroit Elite batting - Pitching for MSL Santa Catalina Condor : RHP Carlos Burgos
|
Batting: LHB Nicol Stolk
|
0-0: Ball 1-0: SINGLE (Groundball, 6D, EV 94.4 MPH)
|
Batting: RHB Steve Owens
|
0-0: Swinging Strike 0-1: Ball 1-1: Called Strike 1-2: Foul Ball, location: 2F 1-2: Ball 2-2: Ball 3-2: Strikes out swinging
|
Batting: RHB Lowie Verbiest
|
0-0: Foul Ball, location: 2F 0-1: Ball Nicol Stolk is caught stealing 2nd base 2-4 1-1: Ball 2-1: DOUBLE (Flyball, 89XD, EV 98.1 MPH)
|
Batting: LHB Camiel van Arem
|
0-0: Ball 1-0: Called Strike 1-1: Ball 2-1: Ball 3-1: Foul Ball, location: 2F 3-2: Strikes out swinging
|
Top of the 7th over - 0 runs, 2 hits, 0 errors, 1 left on base; MSL Detroit 6 - MSL Santa Catalina 4 |
BOTTOM OF THE 7TH |
MSL Santa Catalina Condor batting - Pitching for MSL Detroit Elite : RHP Jorge Núñez
|
Batting: RHB Glen Lowe
|
0-0: SOLO HOME RUN (Flyball, 7LD, EV 96.2 MPH), Distance : 334 ft
|
Batting: LHB Tia Sun
|
0-0: Swinging Strike 0-1: Ball 1-1: Ground out 6-3 (Groundball, 6, EV 88.1 MPH)
|
Batting: LHB Po-fu Tsui
|
0-0: Ball 1-0: Ball 2-0: Ground out 4-3 (Groundball, 4, EV 94.4 MPH)
|
Batting: RHB Marcos López
|
0-0: Ball 1-0: Called Strike 1-1: SINGLE (Groundball, 34S, EV 61.2 MPH) (infield hit)
|
Batting: RHB José Luna
|
0-0: Foul Ball, location: 2F 0-1: Ball 1-1: Ball 2-1: Foul Ball, location: 2F 2-2: Ball 3-2: Foul Ball, location: 2F 3-2: Strikes out swinging
|
Bottom of the 7th over - 1 run, 2 hits, 0 errors, 1 left on base; MSL Detroit 6 - MSL Santa Catalina 5 |
TOP OF THE 8TH |
MSL Detroit Elite batting - Pitching for MSL Santa Catalina Condor : RHP Carlos Burgos
|
Batting: RHB Qi-chang Chia
|
0-0: Ball 1-0: Foul Ball, location: 2F 1-1: Called Strike 1-2: Ball 2-2: Strikes out swinging
|
Batting: RHB Leos Vostakov
|
0-0: Called Strike 0-1: Swinging Strike 0-2: Strikes out swinging
|
Batting: RHB Henry Jans
|
0-0: Called Strike 0-1: Ground out 6-3 (Groundball, 6, EV 110.0 MPH)
|
Top of the 8th over - 0 runs, 0 hits, 0 errors, 0 left on base; MSL Detroit 6 - MSL Santa Catalina 5 |
BOTTOM OF THE 8TH |
MSL Santa Catalina Condor batting - Pitching for MSL Detroit Elite : RHP Jorge Núñez
|
Pinch Hitting: SHB Pedro Bermudidad
|
0-0: Foul Ball, location: 2F 0-1: Called Strike 0-2: Strikes out swinging
|
Batting: RHB Tom Gardner
|
0-0: Called Strike 0-1: Ball 1-1: Foul Ball, location: 2F 1-2: Reached on error, E6 (Groundball, 56, EV 81.9 MPH)
|
Batting: RHB Martin Drake
|
0-0: Ball 1-0: Ball 2-0: Fly out, F1 (Line Drive, P, EV 73.8 MPH)
|
Batting: RHB Gerald van den Broek
|
0-0: Ground out 4-3 (Groundball, 4S, EV 88.1 MPH)
|
Bottom of the 8th over - 0 runs, 0 hits, 1 error, 1 left on base; MSL Detroit 6 - MSL Santa Catalina 5 |
TOP OF THE 9TH |
MSL Detroit Elite batting - Pitching for MSL Santa Catalina Condor : RHP Carlos Burgos
|
Now in RF: Pedro Bermudidad
|
|
Batting: RHB Kel Calhoun
|
0-0: Fly out, F9 (Flyball, 89S, EV 85.0 MPH)
|
Batting: RHB Young-keun So
|
0-0: Fly out, F8 (Line Drive, 8RD, EV 95.0 MPH)
|
Batting: LHB Nicol Stolk
|
0-0: Called Strike 0-1: Ball 1-1: Ball 2-1: Fly out, F8 (Flyball, 78D, EV 88.1 MPH)
|
Top of the 9th over - 0 runs, 0 hits, 0 errors, 0 left on base; MSL Detroit 6 - MSL Santa Catalina 5 |
BOTTOM OF THE 9TH |
MSL Santa Catalina Condor batting - Pitching for MSL Detroit Elite : RHP Jorge Núñez
|
Pitching: RHP Albert Martínez
|
|
Batting: RHB Glen Lowe
|
0-0: Ball 1-0: Fly out, F9 (Flyball, 9, EV 86.2 MPH)
|
Batting: LHB Tia Sun
|
0-0: Foul Ball, location: 2F 0-1: Hit by Pitch
|
Batting: LHB Po-fu Tsui
|
0-0: Ball 1-0: DOUBLE (Line Drive, 3D, EV 95.0 MPH) Tia Sun to third
|
Batting: RHB Marcos López
|
0-0: Intentional Walk
|
Batting: RHB José Luna
|
0-0: Ball 1-0: Called Strike 1-1: Ball 2-1: Foul Ball, location: 2F 2-2: Ball 3-2: Foul Ball, location: 2F 3-2: Base on Balls Tia Sun scores Po-fu Tsui to third Marcos López to second
|
Pinch Hitting: RHB Joeri Tromp
|
0-0: Swinging Strike 0-1: Ball 1-1: Ball 2-1: Ball 3-1: Called Strike 3-2: Strikes out swinging
|
Batting: RHB Tom Gardner
|
0-0: Called Strike 0-1: Ball 1-1: Fly out, F7 (Flyball, 7, EV 93.8 MPH)
|
Bottom of the 9th over - 1 run, 1 hit, 0 errors, 3 left on base; MSL Detroit 6 - MSL Santa Catalina 6 |
TOP OF THE 10TH |
MSL Detroit Elite batting - Pitching for MSL Santa Catalina Condor : RHP Carlos Burgos
|
Now in RF: Rizhean Orille
|
|
Batting: RHB Steve Owens
|
0-0: Called Strike 0-1: Ball 1-1: Hit by Pitch
|
Batting: RHB Lowie Verbiest
|
0-0: Fly out, F8 (Flyball, 78M, EV 80.0 MPH)
|
Batting: LHB Camiel van Arem
|
0-0: Ball 1-0: Fielders Choice at 2nd, 4-6 (Groundball, 4, EV 103.1 MPH)
|
Batting: RHB Qi-chang Chia
|
0-0: Ball Wild Pitch! Camiel van Arem to second 1-0: Called Strike 1-1: Ball 2-1: Foul Ball, location: 2F 2-2: Ball 3-2: Ground out 4-3 (Groundball, 4, EV 103.1 MPH)
|
Top of the 10th over - 0 runs, 0 hits, 0 errors, 1 left on base; MSL Detroit 6 - MSL Santa Catalina 6 |
BOTTOM OF THE 10TH |
MSL Santa Catalina Condor batting - Pitching for MSL Detroit Elite : RHP Albert Martínez
|
Pitching: LHP Roberto Días
|
|
Batting: RHB Martin Drake
|
0-0: DOUBLE (Groundball, 5L, EV 103.8 MPH)
|
Batting: RHB Gerald van den Broek
|
0-0: Intentional Walk
|
Batting: RHB Glen Lowe
|
0-0: Called Strike 0-1: Grounds into double play, 4-6-3 (Groundball, 4M, EV 100.0 MPH) Martin Drake to third
|
Batting: LHB Tia Sun
|
0-0: Called Strike 0-1: Swinging Strike 0-2: Strikes out swinging
|
Bottom of the 10th over - 0 runs, 1 hit, 0 errors, 1 left on base; MSL Detroit 6 - MSL Santa Catalina 6 |
TOP OF THE 11TH |
MSL Detroit Elite batting - Pitching for MSL Santa Catalina Condor : RHP Carlos Burgos
|
Batting: RHB Leos Vostakov
|
0-0: Ball 1-0: Foul Ball, location: 2F 1-1: Called Strike 1-2: SOLO HOME RUN (Flyball, 9D, EV 93.8 MPH), Distance : 347 ft
|
Batting: RHB Henry Jans
|
0-0: Ball 1-0: SINGLE (Line Drive, 6D, EV 98.1 MPH)
|
Pitching: RHP Imbart Kost
|
|
Batting: RHB Kel Calhoun
|
0-0: Sac Bunt to P - play at first, batter OUT! 1-3 Henry Jans to second
|
Batting: RHB Young-keun So
|
0-0: Fly out, F9 (Line Drive, 9, EV 93.1 MPH)
|
Batting: LHB Nicol Stolk
|
0-0: Ball 1-0: Foul Ball, location: 2F 1-1: Foul Ball, location: 2F 1-2: Ball 2-2: Ball 3-2: Ground out 4-3 (Groundball, 4, EV 103.1 MPH)
|
Top of the 11th over - 1 run, 2 hits, 0 errors, 1 left on base; MSL Detroit 7 - MSL Santa Catalina 6 |
BOTTOM OF THE 11TH |
MSL Santa Catalina Condor batting - Pitching for MSL Detroit Elite : LHP Roberto Días
|
Batting: LHB Po-fu Tsui
|
0-0: Ball 1-0: Ball 2-0: Ball 3-0: Base on Balls
|
Batting: RHB Marcos López
|
0-0: SINGLE (Groundball, 5S, EV 61.9 MPH) (infield hit) Po-fu Tsui to second
|
Batting: RHB José Luna
|
0-0: Ball 1-0: Ball 2-0: Ball 3-0: Called Strike 3-1: Swinging Strike 3-2: Strikes out swinging
|
Batting: RHB Rizhean Orille
|
0-0: Foul Ball, location: 2F 0-1: Ball 1-1: Ball 2-1: Foul Ball, location: 2F 2-2: Strikes out swinging
|
Batting: RHB Tom Gardner
|
0-0: Ball 1-0: Called Strike 1-1: Called Strike 1-2: Strikes out swinging
|
Bottom of the 11th over - 0 runs, 1 hit, 0 errors, 2 left on base; MSL Detroit 7 - MSL Santa Catalina 6 |
|